 Dungeon Crawl Stone Soup version 0.18.1-48-g4cf74bf (webtiles) character file.

160616 RepoMan the Scorcher (level 16, -3/134 HPs)
             Began as a Demigod Fire Elementalist on Aug 24, 2016.
             Slain by an Executioner (19 damage)
             ... summoned by a deep elf demonologist
             ... on level 1 of the Elven Halls on Aug 30, 2016.
             The game lasted 07:56:16 (40337 turns).

RepoMan the Scorcher (Demigod Fire Elementalist)   Turns: 40337, Time: 07:56:17

Health: -3/134     AC: 20    Str: 13    XL:     16   Next: 63%
Magic:  1/44       EV: 17    Int: 27    God:
Gold:   1533       SH:  0    Dex: 16    Spells: 11 memorised, 2 levels left

rFire  + . .     SeeInvis .     x - +3 quarterstaff (chaos)
rCold  + . .     Gourm    .     m - +0 swamp dragon armour
rNeg   . . .     Faith    .     (shield currently unavailable)
rPois  +         Spirit   .     u - +2 helmet
rElec  .         Dismiss  .     W - +2 cloak {rC+}
rCorr  .         Reflect  .     i - +0 pair of gloves {rC+}
SustAt +         Harm     .     A - +2 pair of boots {run}
MR     +....     Clarity  +     H - amulet of magic regeneration
Stlth  +.........               a - ring of fire
                                U - ring of magical power

@: about to teleport, quick, somewhat resistant to hostile enchantments, very
unstealthy
A: clarity, high mp 1, mutation resistance 1, sustain attributes
a: no special abilities


You were on level 1 of the Elven Halls.
You were not hungry.

You visited 7 branches of the dungeon, and saw 31 of its levels.
You also visited: Ice Cave.

You collected 2450 gold pieces.
You spent 917 gold pieces at shops.

Inventory:

Hand Weapons
 g - a +3 blowgun
 x - a +3 quarterstaff of chaos (weapon)
Missiles
 D - 2 curare-tipped needles
 P - 4 throwing nets (quivered)
Armour
 i - a +0 pair of gloves of cold resistance (worn)
 m - a +0 swamp dragon armour (worn)
 u - a +2 helmet (worn)
 A - a +2 pair of boots of running (worn)
 W - a +2 cloak of cold resistance (worn)
Jewellery
 a - a ring of fire (right hand)
 n - a +2 ring of intelligence
 v - an uncursed ring of positive energy
 H - an amulet of magic regeneration (around neck)
 U - a ring of magical power (left hand)
Wands
 q - a wand of heal wounds (0/9)
 r - a wand of acid (0/15)
 L - a wand of teleportation (4/9)
 X - a wand of digging (0/24)
 Z - a wand of digging (10/24)
Scrolls
 b - 5 scrolls of recharging
 e - 6 scrolls of fog
 h - 2 scrolls of identify
 j - 4 scrolls of magic mapping
 s - 6 scrolls of remove curse
 C - 4 scrolls of immolation
Potions
 t - 2 potions of cancellation
 w - 2 potions of might
 z - 6 potions of flight
 E - a potion of haste
 J - a potion of brilliance
 K - 2 potions of resistance
 N - a potion of cure mutation
 V - 9 potions of curing
Books
 F - a book of Misfortune

   Spells                             Type                      Level
   a - Confusing Touch                Hexes                        2
   b - Confuse                        Hexes                        3
   c - Gell's Gravitas                Hexes/Translocation          3
   d - Petrify                        Transmutation/Earth          4
   e - Metabolic Englaciation         Hexes/Ice                    5
   f - Yara's Violent Unravelling     Hexes/Transmutation          5
Comestibles
 c - 10 bread rations
 f - 11 meat rations
 k - 2 chunks of flesh


   Skills:
 + Level 9.8 Fighting
 - Level 7.3 Armour
 - Level 10.0 Dodging
 - Level 1.7 Stealth
 + Level 10.4 Spellcasting
 + Level 12.5 Conjurations
 - Level 8.0 Charms
 * Level 16.3 Fire Magic


You had 2 spell levels left.
You knew the following spells:

 Your Spells              Type           Power        Failure   Level  Hunger
a - Flame Tongue          Conj/Fire      #####        1%          1    None
b - Bolt of Fire          Conj/Fire      #######...   3%          6    #####..
c - Conjure Flame         Conj/Fire      #######.     1%          3    None
d - Dazzling Spray        Conj/Hex       #####.       1%          3    None
f - Throw Flame           Conj/Fire      ######       1%          2    None
g - Apportation           Tloc           ##........   10%         1    None
i - Inner Flame           Hex/Fire       ######..     1%          3    None
o - Iskenderun's Battles  Conj/Chrm      ######..     3%          5    ###....
p - Cure Poison           Pois           ##........   14%         2    None
r - Regeneration          Chrm/Necr      #####.....   6%          3    None
s - Sticky Flame          Conj/Fire      #######.     1%          4    None


Dungeon Overview and Level Annotations

Branches:
Dungeon (14/15)            Temple (1/1) D:5            Lair (8/8) D:11
  Swamp (4/4) Lair:5       Spider (1/4) Lair:3        Slime (0/6) Lair:7
    Orc (2/2) D:12            Elf (1/3) Orc:2        Vaults (0/5) D:13

Shops:
D:5 ?   D:6 :   D:8 (   Orc:2 ([?!

Annotations:
Lair:5 1 exclusion
Swamp:4 Lernaean hydra
Elf:1 Gargoyl's ghost, journeyman DsAK


Innate Abilities, Weirdness & Mutations

You have an increased reservoir of magic (+10% MP).
Your attributes are resistant to harm.
You possess an exceptional clarity of mind.
You are somewhat resistant to further mutation.


Message History

As you read the scroll of teleportation, it crumbles to dust.
You feel strangely unstable.
The Executioner hits you but does no damage.
The Executioner misses you. The Executioner hits you.
The Executioner barely misses you.
The Executioner hits you but does no damage. x2
The sixfirhy barely misses you. The Executioner hits you!!
The Executioner barely misses you.
The Executioner hits you but does no damage.
The sixfirhy hits you. The sixfirhy shocks you! The sixfirhy hits you.
* * * LOW HITPOINT WARNING * * *
The sixfirhy shocks you!
* * * LOW HITPOINT WARNING * * *
The Brimstone Fiend calls on the powers of darkness!
The deep elf mage convulses! x2; The deep elf demonologist convulses!
Your body is wracked with pain!
* * * LOW HITPOINT WARNING * * *
The Executioner hits you!!
You die...

.. ....##*.e# .#
.§≈≈....##W#######># #
#≈##....e1...(..#.###.##
/|#§§#4#e#####.#.......
$≈§§#.#)## #.#....... #)
#≈.#.2e.####.#####.#
.##≈##..#.....(.........#
..≈≈≈..)..41..###.#######
........###@(.###.#
#.###..## ##......#
....... #..#####
###########.# ##.##
.....## #..###).# #...#.#
###....## ##### .#.#..#
####.# #...# ###..## #.#
#.#.# ..##..# #####.##
####[#.####


You could see a Brimstone Fiend, an Executioner, a deep elf demonologist (inner
flame), 2 deep elf magi, a sixfirhy, a hellion, a red devil and Gargoyl's ghost.

Vanquished Creatures
  Rupert (Spider:1)
  2 thorn hunters
  Agnes (D:13)
  Maud (Orc:1)
  An emperor scorpion (Spider:1)
  A stone giant (Orc:2)
  A deep elf demonologist (Elf:1)
  The ghost of PossumBlood the Fighter, a journeyman FoFi of Okawaru (Orc:2)
  Azrael (Orc:2)
  The ghost of RickumRackum the Basher, a journeyman OgBe of Trog (Lair:2)
  The ghost of ErikD the Nimble, a journeyman MiBe of Trog (Orc:2)
  7 vault guards (D:13)
  Fannar (D:12)
  Josephine (Lair:5)
  Harold (Lair:1)
  14 hydras
  A catoblepas (D:13)
  7 alligators
  3 dancing weapons (Elf:1)
  2 centaur warriors
  10 orc high priests
  Urug (Orc:1)
  3 deep elf knights (Elf:1)
  Sonja (Lair:2)
  3 unseen horrors
  13 swamp dragons
  7 deep elf archers
  A shambling mangrove (Swamp:4)
  A wizard (D:13)
  2 hill giants
  2 orc knights (Orc:1)
  3 orb spiders
  18 deep elf magi
  3 ugly things
  A hornet (Swamp:3)
  2 cyclopes (Orc:1)
  5 wolf spiders (Spider:1)
  2 centaur zombies
  8 black mambas
  Maurice (Orc:2)
  19 spiny frogs
  15 elephants
  2 centaur skeletons (D:12)
  2 ice statues (IceCv)
  A gargoyle (D:12)
  A torpor snail (Lair:5)
  A demonic crawler (Spider:1)
  An efreet (D:13)
  2 rime drakes
  10 ice devils (IceCv)
  9 komodo dragons
  5 spriggan druids
  A freezing wraith (D:13)
  9 giant leeches
  4 jumping spiders (Spider:1)
  8 polar bears
  10 trolls
  20 slime creatures
  2 two-headed ogres
  12 blink frogs
  A boulder beetle (Lair:8)
  Prince Ribbit (D:9)
  7 bog bodies
  A centaur simulacrum (D:14)
  19 redbacks
  Sigmund (D:5)
  6 tarantellas (Spider:1)
  A wyvern (D:12)
  7 wraiths
  2 basilisks
  27 spriggans
  61 yaks
  3 water elementals (Elf:1)
  7 hippogriffs
  21 vampire mosquitoes
  2 hungry ghosts
  2 fire elementals
  14 wargs
  19 swamp worms
  13 insubstantial wisps
  4 hell hounds
  2 soldier ants
  16 porcupines
  19 water moccasins
  12 swamp drakes
  4 sky beasts
  13 wasps
  15 orc warriors
  2 phantoms
  7 black bears
  An eye of draining (D:13)
  3 ice beasts
  9 ogres
  5 centaurs
  18 wolves
  13 crocodiles
  A big kobold (D:9)
  2 earth elementals (Elf:1)
  14 giant frogs
  2 gnoll sergeants
  A wyvern skeleton (D:11)
  2 scorpions
  20 killer bees
  12 wights
  2 giant frog zombies
  6 crimson imps
  A quasit (D:7)
  9 hounds
  7 jellies
  25 orc wizards
  2 gnoll shamans (D:5)
  29 orc priests
  Crazy Yiuf (D:3)
  2 giant frog skeletons
  12 iguanas
  Terence (D:3)
  7 worker ants
  4 sheep (Lair:5)
  A hound zombie (D:10)
  A hound skeleton (D:6)
  A howler monkey zombie (D:10)
  A worker ant zombie (D:8)
  Robin (D:3)
  A howler monkey skeleton (D:6)
  48 gnolls
  11 adders
  21 river rats
  5 shadow imps
  19 white imps
  8 ufetubi (IceCv)
  2 adder skeletons
  2 worms
  A dart slug (D:2)
  3 giant geckos
  101 orcs
  5 giant cockroaches
  12 goblins
  9 hobgoblins
  23 jackals
  15 kobolds
  7 quokkas
  2 ball pythons
  5 bats
  A giant gecko zombie (D:11)
  7 giant newts
  A jackal skeleton (D:5)
  A jackal zombie (D:5)
  A quokka zombie (D:7)
  6 rats (D:2)
  2 fungi
1114 creatures vanquished.

Vanquished Creatures (collateral kills)
  The ghost of Gargoyl the Protected, a journeyman DsAK of Lugonu (Lair:7)
  A porcupine (Lair:7)
2 creatures vanquished.

Vanquished Creatures (others)
  A tarantella (Spider:1)
  A fire elemental (Orc:2)
  2 white imps (IceCv)
  29 fungi
  11 plants
  7 toadstools (Swamp:1)
51 creatures vanquished.

Grand Total: 1167 creatures vanquished

Notes
Turn   | Place    | Note
--------------------------------------------------------------
     0 | D:1      | RepoMan the Demigod Fire Elementalist began the quest for the Orb.
     0 | D:1      | Reached XP level 1. HP: 14/14 MP: 5/5
    29 | D:1      | Reached skill level 1 in Conjurations
   380 | D:1      | Reached XP level 2. HP: 20/20 MP: 1/7
   384 | D:1      | Learned a level 2 spell: Throw Flame
   583 | D:1      | Reached skill level 3 in Fire Magic
  1290 | D:2      | Reached XP level 3. HP: 26/26 MP: 1/9
  2084 | D:3      | Found a white marble altar of Elyvilon.
  2284 | D:3      | Noticed Robin
  2312 | D:3      | Killed Robin
  2312 | D:3      | Reached XP level 4. HP: 24/33 MP: 0/10
  2626 | D:3      | Noticed Crazy Yiuf
  2633 | D:3      | Killed Crazy Yiuf
  2796 | D:3      | Noticed Terence
  2814 | D:3      | Killed Terence
  2814 | D:3      | Reached XP level 5. HP: 31/38 MP: 1/12
  2829 | D:3      | Learned a level 3 spell: Conjure Flame
  2833 | D:3      | Learned a level 3 spell: Inner Flame
  3424 | D:4      | Noticed a phantom
  3513 | D:4      | Killed a phantom
  3513 | D:4      | Reached skill level 1 in Armour
  3513 | D:4      | Reached skill level 4 in Fire Magic
  3799 | D:4      | Reached XP level 6. HP: 45/45 MP: 10/13
  4141 | D:5      | Entered Level 5 of the Dungeon
  4147 | D:5      | Found Uforoen's Magic Scroll Boutique.
  4150 | D:5      | Bought a scroll of immolation for 35 gold pieces
  4150 | D:5      | Bought a scroll of identify for 20 gold pieces
  4150 | D:5      | Bought a scroll of fear for 35 gold pieces
  4150 | D:5      | Bought a scroll of identify for 20 gold pieces
  4383 | D:5      | Noticed Sigmund
  4628 | D:5      | Found a staircase to the Ecumenical Temple.
  4643 | Temple   | Entered the Ecumenical Temple
  4903 | D:5      | Reached skill level 5 in Fire Magic
  5004 | D:5      | Noticed a gargoyle
  5287 | D:5      | Reached XP level 7. HP: 49/50 MP: 4/15
  5418 | D:5      | Reached skill level 6 in Fire Magic
  5817 | D:6      | Found Bauthihe's Book Shoppe.
  6337 | D:7      | Noticed a troll
  6351 | D:7      | Killed a troll
  6351 | D:7      | Reached skill level 7 in Fire Magic
  6351 | D:7      | Reached XP level 8. HP: 57/57 MP: 0/16
  6363 | D:7      | Learned a level 4 spell: Sticky Flame
  6741 | D:5      | Reached skill level 5 in Conjurations
  6765 | D:5      | Killed Sigmund
  6831 | D:5      | Reached skill level 8 in Fire Magic
  8042 | D:7      | Reached XP level 9. HP: 62/62 MP: 13/17
  8801 | D:7      | Found a snail-covered altar of Cheibriados.
  9066 | D:5      | Bought a scroll of amnesia for 35 gold pieces
  9066 | D:5      | Bought a scroll of identify for 20 gold pieces
  9066 | D:5      | Bought a scroll of identify for 20 gold pieces
  9066 | D:5      | Bought a scroll of summoning for 95 gold pieces
  9269 | D:8      | Found Ascho's Antique Weapon Shop.
  9311 | D:8      | Reached skill level 9 in Fire Magic
  9376 | D:8      | Noticed a rime drake
  9376 | D:8      | a big kobold changed into a rime drake
  9381 | D:8      | Killed a rime drake
 10237 | D:8      | Learned a level 3 spell: Dazzling Spray
 10386 | D:9      | Noticed Prince Ribbit
 10518 | D:9      | Reached XP level 10. HP: 69/69 MP: 15/20
 10568 | D:9      | Killed Prince Ribbit
 10568 | D:9      | Reached skill level 10 in Fire Magic
 10789 | D:9      | Reached skill level 5 in Spellcasting
 11107 | D:10     | Entered Level 10 of the Dungeon
 11298 | D:10     | Learned a level 3 spell: Regeneration
 11663 | D:10     | Reached skill level 1 in Charms
 11664 | D:10     | Found a roughly hewn altar of Beogh.
 11791 | D:10     | Noticed a hill giant
 11809 | D:10     | Killed a hill giant
 12621 | D:11     | Found a staircase to the Lair.
 12672 | D:11     | Noticed a hill giant
 12687 | D:11     | Killed a hill giant
 12687 | D:11     | Reached skill level 11 in Fire Magic
 12742 | D:11     | Found a frozen archway.
 12783 | IceCv    | Entered an ice cave
 12953 | IceCv    | Reached skill level 1 in Fighting
 12955 | IceCv    | Noticed an ice statue
 12955 | IceCv    | Noticed an ice statue
 12979 | IceCv    | Killed an ice statue
 13013 | IceCv    | Reached XP level 11. HP: 58/77 MP: 8/23
 13523 | IceCv    | Reached skill level 5 in Dodging
 13730 | IceCv    | Identified the Incunabulum of Cloudy Displacement
 14232 | D:11     | Noticed an unseen horror
 14241 | D:11     | Killed an unseen horror
 14786 | D:12     | Noticed Fannar
 14808 | D:12     | Killed Fannar
 14884 | D:12     | Found a staircase to the Orcish Mines.
 15330 | Lair:1   | Entered Level 1 of the Lair of Beasts
 15751 | Lair:1   | Reached XP level 12. HP: 91/91 MP: 26/26
 15759 | Lair:1   | Noticed Harold
 15827 | Lair:1   | Learned a level 5 spell: Iskenderun's Battlesphere
 15958 | Lair:1   | Reached skill level 12 in Fire Magic
 16361 | Lair:2   | Noticed RickumRackum's ghost (journeyman OgBe)
 16410 | Lair:2   | Killed RickumRackum's ghost
 16410 | Lair:2   | Reached skill level 5 in Charms
 16502 | Lair:2   | Noticed Sonja
 16512 | Lair:2   | Killed Sonja
 17735 | Lair:2   | Gained mutation: You are somewhat resistant to further mutation. [potion of beneficial mutation]
 18144 | Lair:3   | Reached skill level 5 in Armour
 18232 | Lair:3   | Found a hole to the Spider Nest.
 18549 | Lair:3   | Noticed a six-headed hydra
 18556 | Lair:3   | Killed a six-headed hydra
 18881 | Lair:1   | Killed Harold
 19506 | Lair:4   | Reached XP level 13. HP: 94/99 MP: 26/27
 20145 | Lair:5   | Noticed Josephine
 20153 | Lair:5   | Killed Josephine
 20199 | Lair:4   | Reached skill level 10 in Conjurations
 20350 | Lair:5   | Reached skill level 5 in Fighting
 20391 | Lair:5   | Found a staircase to the Swamp.
 20400 | Lair:5   | Got a transparent scale mail
 21123 | Lair:5   | Learned a level 2 spell: Cure Poison
 21511 | Lair:5   | Identified the +4 scale mail of Beauty {-Cast +Blink MR++ Stlth+} (You found it on level 5 of the Lair of Beasts)
 22174 | Lair:6   | Reached skill level 13 in Fire Magic
 22798 | Lair:7   | Noticed Gargoyl's ghost (journeyman DsAK)
 22838 | Lair:7   | Killed Gargoyl's ghost
 23016 | Lair:7   | Found a staircase to the Slime Pits.
 23384 | Lair:7   | Learned a level 1 spell: Apportation
 23386 | Lair:8   | Entered Level 8 of the Lair of Beasts
 23723 | Lair:8   | Reached XP level 14. HP: 110/110 MP: 0/30
 24526 | Orc:1    | Entered Level 1 of the Orcish Mines
 24818 | Orc:2    | Entered Level 2 of the Orcish Mines
 24818 | Orc:2    | Noticed Maud
 24825 | Orc:2    | Noticed Azrael
 24848 | Orc:1    | Killed Maud
 25406 | Orc:1    | Noticed Urug
 25428 | Orc:1    | Killed Urug
 25713 | Orc:2    | Noticed PossumBlood's ghost (journeyman FoFi)
 25731 | Orc:2    | Noticed ErikD's ghost (journeyman MiBe)
 26118 | Orc:2    | Killed Azrael
 27000 | Orc:2    | Noticed Maurice
 27010 | Orc:2    | Killed Maurice
 27351 | Orc:2    | Reached skill level 14 in Fire Magic
 27508 | Orc:2    | Found Egroq's Antique Weapon Boutique.
 27508 | Orc:2    | Found Apifariz's Antique Armour Emporium.
 27522 | Orc:2    | Bought a pair of runed boots for 117 gold pieces
 27533 | Orc:2    | Identified a +2 pair of boots of running (You bought it in a shop on level 2 of the Orcish Mines)
 27555 | Orc:2    | Gained mutation: You possess an exceptional clarity of mind. [a neqoxec]
 27714 | Orc:2    | Found a roughly hewn altar of Beogh.
 27736 | Orc:2    | Found Kusipt's Magic Scroll Boutique.
 27736 | Orc:2    | Found Raon's Distillery.
 27741 | Orc:2    | Bought a scroll of immolation for 59 gold pieces
 27741 | Orc:2    | Bought a scroll of immolation for 59 gold pieces
 27750 | Orc:2    | Bought a potion of might for 48 gold pieces
 27750 | Orc:2    | Bought a potion of invisibility for 96 gold pieces
 27750 | Orc:2    | Bought a potion of resistance for 120 gold pieces
 27750 | Orc:2    | Bought 2 potions of curing for 72 gold pieces
 27750 | Orc:2    | Bought a potion of curing for 36 gold pieces
 27750 | Orc:2    | Bought a potion of mutation for 30 gold pieces
 29348 | D:13     | Found a gate to the Vaults.
 29496 | D:13     | Reached XP level 15. HP: 111/118 MP: 22/32
 29567 | D:14     | Noticed Agnes
 29587 | D:13     | Killed Agnes
 30407 | Swamp:1  | Entered Level 1 of the Swamp
 30575 | Swamp:1  | Noticed a thorn hunter
 30684 | Swamp:1  | Killed a thorn hunter
 31767 | Swamp:2  | Reached skill level 15 in Fire Magic
 33754 | Swamp:4  | Entered Level 4 of the Swamp
 34229 | Swamp:4  | Noticed a thorn hunter
 34248 | Swamp:4  | Killed a thorn hunter
 34737 | Swamp:3  | Reached XP level 16. HP: 89/132 MP: 32/34
 34745 | Swamp:3  | Learned a level 6 spell: Bolt of Fire
 35068 | Swamp:4  | Noticed the 27-headed Lernaean hydra
 35812 | Spider:1 | Entered Level 1 of the Spider Nest
 36022 | Spider:1 | Noticed Rupert
 36047 | Spider:1 | Killed Rupert
 36225 | Spider:1 | Reached skill level 10 in Spellcasting
 36993 | Spider:1 | Reached skill level 10 in Dodging
 38119 | Orc:2    | Killed ErikD's ghost
 38119 | Orc:2    | Reached skill level 16 in Fire Magic
 38262 | Orc:2    | Found a staircase to the Elven Halls.
 38393 | Orc:2    | Killed PossumBlood's ghost
 38698 | Elf:1    | Entered Level 1 of the Elven Halls
 39012 | Elf:1    | Identified a scroll of acquirement
 39586 | Elf:1    | Noticed Gargoyl's ghost (journeyman DsAK)
 39602 | Elf:1    | Noticed a Brimstone Fiend
 40334 | Elf:1    | Noticed an Executioner
 40335 | Elf:1    | Noticed a Brimstone Fiend
 40337 | Elf:1    | Slain by an Executioner

Skill      XL: |  1  2  3  4  5  6  7  8  9 10 11 12 13 14 15 16 |
---------------+-------------------------------------------------+-----
Conjurations   | 1 2 3 4 5 6 7 8 9 10 11 12 | 12.5
Spellcasting   | 2 3 4 5 6 7 8 9 10 | 10.4
Fire Magic     | 3 4 5 7 8 9 11 12 13 14 15 16 | 16.3
Dodging        | 2 3 4 6 7 8 9 10 | 10.0
Armour         | 1 2 3 4 5 6 7 |  7.3
Charms         | 2 4 6 7 8 |  8.0
Fighting       | 1 3 4 6 7 9 |  9.8
Stealth        | |  1.7

Action                   |  1- 3 |  4- 6 |  7- 9 | 10-12 | 13-15 | 16-18 || total
-------------------------+-------+-------+-------+-------+-------+-------++-------
Melee: Unarmed           |    16 |     2 |       |       |       |       ||    18
       Quarterstaff      |       |    50 |    48 |   107 |   133 |    20 ||   358
 Fire: Blowgun           |       |       |       |       |    17 |     5 ||    22
Throw: Throwing net      |       |       |     3 |       |    13 |     8 ||    24
 Cast: Flame Tongue      |   104 |   134 |   228 |   618 |  1052 |   245 ||  2381
       Throw Flame       |       |     1 |     5 |     1 |    38 |    11 ||    56
       Conjure Flame     |       |     2 |    23 |    72 |    64 |    17 ||   178
       Inner Flame       |       |     1 |    20 |    58 |    33 |    12 ||   124
       Sticky Flame      |       |       |    11 |    57 |   126 |    25 ||   219
       Dazzling Spray    |       |       |     2 |     3 |    29 |    17 ||    51
       Regeneration      |       |       |       |     2 |    25 |     3 ||    30
       Iskenderun's Batt |       |       |       |    15 |   202 |    60 ||   277
       Cure Poison       |       |       |       |       |     3 |     5 ||     8
       Bolt of Fire      |       |       |       |       |       |    35 ||    35
Evoke: Wand              |       |       |     2 |    14 |    10 |     4 ||    30
  Use: Scroll            |       |     7 |     6 |    17 |    20 |    12 ||    62
       Potion            |       |       |       |     5 |     9 |     4 ||    18
 Stab: Sleeping          |       |     2 |     2 |     3 |       |       ||     7
       Paralysed         |       |       |     1 |       |       |       ||     1
       Confused          |       |       |     1 |       |       |       ||     1
       Petrified         |       |       |       |       |     1 |       ||     1
  Eat: Chunk             |     4 |     8 |    15 |    22 |    49 |     8 ||   106
       Fruit             |     1 |     1 |     7 |     8 |     4 |     1 ||    22
       Pizza             |       |       |       |     2 |     1 |       ||     3
       Royal jelly       |       |       |       |     1 |     1 |       ||     2
       Beef jerky        |       |       |       |     2 |     1 |       ||     3
       Bread ration      |       |       |       |       |     3 |     5 ||     8
       Meat ration       |       |       |       |       |     3 |     1 ||     4
Armor: Robe              |     6 |     4 |       |       |       |       ||    10
       Leather armour    |       |    33 |    55 |   131 |   143 |       ||   362
       Skin              |       |       |       |       |     2 |       ||     2
       Chain mail        |       |       |       |       |     1 |       ||     1
       Swamp dragon armo |       |       |       |       |    74 |   146 ||   220
       Ring mail         |       |       |       |       |    44 |       ||    44
Dodge: Dodged            |    37 |    64 |    74 |   199 |   523 |   189 ||  1086
